 Dungeon Crawl Stone Soup version 0.13-a0-2301-g23820b6 (webtiles) character file.

149 M4edhros the Sneak (level 4, 0/29 HPs)
             Began as an Octopode Artificer on July 8, 2013.
             Succumbed to a kobold's poison
             ... on Level 2 of the Dungeon.
             The game lasted 00:01:04 (910 turns).

M4edhros the Sneak (Octopode Artificer)              Turns: 910, Time: 00:01:04

HP   0/29        AC  1     Str 10      XL: 4   Next:  6%
MP   6/6         EV 18     Int 15      God:
Gold 89          SH  0     Dex 17      Spells:  0 memorised,  3 levels left

Res.Fire  : . . .   See Invis. : .   a - +0 short sword
Res.Cold  : . . .   Warding    : .   (no shield)
Life Prot.: . . .   Conserve   : .   (helmet restricted)
Res.Poison: .       Res.Corr.  : .   (no amulet)
Res.Elec. : .       Clarity    : .   (no ring)
Sust.Abil.: . .     Spirit.Shd : .   (no ring)
Res.Mut.  : .       Stasis     : .   (no ring)
Res.Rott. : .       Flight     : .   (no ring)
Saprovore : . . .                    (no ring)
                                     (no ring)
                                     (no ring)
                                     (no ring)

@: agile, quite poisoned, slowed, very slow, slightly resistant to hostile
enchantments, extremely stealthy
A: almost no armour, amphibious, 8 rings, constrict 8, camouflage 1, AC +1
a: no special abilities


You were on level 2 of the Dungeon.
You were not hungry.

You visited 1 branch of the dungeon, and saw 2 of its levels.

You collected 69 gold pieces.

Inventory:

Hand weapons
 a - a +0,+0 short sword (weapon)
Magical devices
 b - a wand of flame (15)
 c - a wand of enslavement (15)
 d - a wand of random effects (15)
 o - a wand of frost (8) {unknown}
Comestibles
 f - 2 bread rations
 g - a pear
Scrolls
 h - a scroll of random uselessness {unknown}
 i - a scroll of fog {unknown}
 j - a scroll of remove curse {unknown}
 k - 3 scrolls of fear {unknown}
 m - a scroll of curse armour {unknown}
 p - a scroll of identify {unknown}
 q - a scroll of teleportation {unknown}
 r - a scroll of enchant weapon II {unknown}
 t - a scroll of blinking {unknown}
Jewellery
 l - an uncursed ring of teleport control {unknown}
 s - a +2 ring of evasion {unknown}


   Skills:
 - Level 1.0 Fighting
 + Level 2.2 Short Blades
 - Level 2.0 Dodging
 * Level 4.5 Stealth
 - Level 2.1 Traps
 - Level 3.2 Evocations


You had 3 spell levels left.
You didn't know any spells.

Dungeon Overview and Level Annotations

Branches:
Dungeon (2/27)

Altars:


Innate Abilities, Weirdness & Mutations

You cannot wear most types of armour.
You are amphibious.
You can wear up to eight rings at the same time.
You can use your tentacles to constrict many enemies at once.
Your skin changes colour to match your surroundings (Stlth).
Your rubbery body absorbs attacks (AC +1).


Message History

You feel more agile all of a sudden.
It was a potion of agility.
* * * LOW HITPOINT WARNING * * *
You feel sick.
The ooze jiggles.
* * * LOW HITPOINT WARNING * * *
You feel sick.
* * * LOW HITPOINT WARNING * * *
You feel sick.
You see here a poisoned dart.
* * * LOW HITPOINT WARNING * * *
You feel sick.
You see here a poisoned dart.
* * * LOW HITPOINT WARNING * * *
You feel sick.
Drink which item? (? for menu, Esc to quit)
You feel yourself slow down.
It was a potion of slowing.
* * * LOW HITPOINT WARNING * * *
You feel sick.
You die...

######### .
....>... #..
#.....# #...
#.....#
#.....#....
#.....#..######
#.....%..(J.@$#
#.....#..####.#
#....
#..####.## ####
#....%...#
#........#
#........#
#........#
#........#
#.%......#


You could see an ooze.

Vanquished Creatures
  2 adders (D:2)
  A giant mite (D:2)
  A giant gecko (D:1)
  A bat (D:1)
  3 giant cockroaches
  9 goblins
  3 hobgoblins
  6 kobolds
  6 giant newts
  7 rats
39 creatures vanquished.

Notes
Turn   | Place    | Note
--------------------------------------------------------------
     0 | D:1      | M4edhros, the Octopode Artificer, began the quest for the Orb.
     0 | D:1      | Reached XP level 1. HP: 14/14 MP: 1/1
   113 | D:1      | Reached XP level 2. HP: 17/19 MP: 3/3
   707 | D:2      | Reached XP level 3. HP: 24/24 MP: 4/4
   813 | D:2      | Reached skill level 4 in Stealth
   885 | D:2      | Reached XP level 4. HP: 22/29 MP: 6/6
   909 | D:2      | HP: 1/29 [poisoned by a kobold]
   910 | D:2      | Succumbed to a kobold's poison

Action                   |  1- 3 |  4- 6 || total
-------------------------+-------+-------++-------
Melee: Short sword       |    71 |     2 ||    73
  Use: Potion            |       |     2 ||     2
 Stab: Sleeping          |     4 |     1 ||     5
